 Dungeon Crawl Stone Soup version 0.29.0-4-gdea44cf6ec (webtiles) character file.

Game seed: 5701974815298926640

39 qw the Chopper (level 3, 0/21 HPs)
             Began as a Tengu Warper on Aug 28, 2022.
             Succumbed to an adder's poison
             ... on level 2 of the Dungeon.
             The game lasted 00:00:09 (1134 turns).

qw the Chopper (Tengu Warper)                       Turns: 1134, Time: 00:00:09

Health: 0/21       AC:  5    Str: 13    XL:     3   Next: 47%
Magic:  7/7        EV: 11    Int: 13    God:
Gold:   53         SH:  0    Dex: 13    Spells: 6/6 levels left

rFire   . . .      SeeInvis .   Y - +1 hand axe
rCold   . . .      Faith    .   (no shield)
rNeg    . . .      Spirit   .   d - +0 ring mail
rPois   .          Reflect  .   (helmet restricted)
rElec   .          Harm     .   (no cloak)
rCorr   .          Rampage  .   (no gloves)
Will    .....                   (boots unavailable)
Stlth   +.........              (no amulet)
HPRegen 0.07/turn               (no ring)
MPRegen 0.10/turn               (no ring)

@: lethally poisoned (0 -> -6)
A: beak, talons 3
a: no special abilities


You were on level 2 of the Dungeon.
You visited 1 branch of the dungeon, and saw 2 of its levels.

You collected 53 gold pieces.


Innate Abilities, Weirdness & Mutations

You have a beak for a mouth.
You have claws for feet.


   Skills:
 - Level 2.0 Fighting
 + Level 4.2 Axes
 - Level 1.0 Throwing
 - Level 1.1 Armour
 - Level 2.1 Dodging
 - Level 2.0 Spellcasting
 - Level 2.4 Translocations


You had 6 spell levels left.
You didn't know any spells.
Your spell library contained the following spells:

 Spells                   Type           Power      Damage    Failure   Level
 Blink                    Tloc           14%        N/A       30%         2
 Gell's Gravitas          Tloc           7%         N/A       52%         3
 Lesser Beckoning         Tloc           7%         N/A       52%         3
 Teleport Other           Tloc           7%         N/A       52%         3
 Manifold Assault         Tloc           7%         N/A       99%         5

Inventory:

Hand Weapons
 f - a +0 whip
 Y - a +1 hand axe (weapon)
Armour
 d - a +0 ring mail (worn)
Potions
 g - a potion of mutation {unknown}
 i - a potion of curing {unknown}
 k - a potion of invisibility {unknown}
 l - a potion of cancellation {unknown}
 n - a potion of lignification {unknown}

Dungeon Overview and Level Annotations

Branches:
Dungeon (2/15)

Altars:
Uskayaw


Message History

You hit the endoplasm.
You kill the endoplasm!
You start resting.
You feel your willpower return.
HP restored.
Done exploring.
(D) Dungeon
Where to? (* - list waypoints, Enter - D:2, ? - help)
What level of the Dungeon? (default 1, ? - help)
You climb downwards.
The adder bites you but does no damage. The quokka bites you.
The adder misses you. The worm bites you.
The quokka bites you but does no damage.
There is a stone staircase leading up here.
You hit the adder. Your kick misses the adder.
The adder is lightly wounded.
You hit the worm. You hit the quokka. The adder barely misses you.
The quokka barely misses you. The worm bites you! The adder barely misses you.
You hit the quokka but do no damage.
The quokka is almost dead.
You hit the worm. You hit the adder. The quokka barely misses you.
The adder barely misses you. The worm misses you. The quokka bites you.
You closely miss the quokka. Your kick misses the quokka.
The quokka is almost dead.
You barely miss the adder. You hit the worm. The adder misses you.
The quokka bites you but does no damage.
The adder bites you.
You are lethally poisoned!
The adder poisons you!
You hit the quokka.
You kill the quokka!
You hit the worm. You hit the adder.
You feel sick. The adder bites you but does no damage.
The worm bites you but does no damage.
You closely miss the adder. Your peck misses the adder.
The adder is almost dead.
You hit the worm.
You die...

######
###...^####
#.........#
##.........#
#..._......#
#..........#
#..%.......#
#..?@......#
#...wS.....#
####.......#
#.......#
#.......#
#.......#
##......#
......#


You could see a worm and an adder.

Vanquished Creatures
  2 dart slugs (D:1)
  2 endoplasms (D:1)
  2 goblins (D:1)
  2 hobgoblins (D:1)
  4 jackals (D:1)
  2 quokkas
  4 ball pythons (D:1)
  4 bats (D:1)
  3 frilled lizards (D:1)
  4 kobolds (D:1)
  4 rats (D:1)
33 creatures vanquished.

Vanquished Creatures (others)
  A fungus (D:1)
  2 plants (D:1)
3 creatures vanquished.

Grand Total: 36 creatures vanquished

Notes
Turn   | Place    | Note
-------+----------+-------------------------------------------
     0 | D:1      | qw the Tengu Warper began the quest for the Orb.
     0 | D:1      | Reached XP level 1. HP: 12/12 MP: 4/4
     0 | D:1      | 0 ||| qw: Version: 0.1-a-89-g26bdef1
     0 | D:1      | 0 ||| qw: Game counter: 1589
     0 | D:1      | 0 ||| qw: Always use a shield: true
     0 | D:1      | 0 ||| qw: God list: Okawaru
     0 | D:1      | 0 ||| qw: Allow faded altars: false
     0 | D:1      | 0 ||| qw: Do Orc after D:15 true
     0 | D:1      | 0 ||| qw: Do second Lair branch before Depths: true
     0 | D:1      | 0 ||| qw: Lair rune preference: random
     0 | D:1      | 0 ||| qw: Plans: Normal
     0 | D:1      | 0 ||| PLANNING D:1-11
    85 | D:1      | 85 ||| Stepping ~*~*~tactically~*~*~ (stealth).
    93 | D:1      | Reached XP level 2. HP: 16/17 MP: 6/6
    95 | D:1      | Reached skill level 3 in Axes
   126 | D:1      | 126 ||| Stepping ~*~*~tactically~*~*~ (stealth).
   241 | D:1      | 241 ||| Stepping ~*~*~tactically~*~*~ (stealth).
   242 | D:1      | 242 ||| Stepping ~*~*~tactically~*~*~ (stealth).
   244 | D:1      | 244 ||| Stepping ~*~*~tactically~*~*~ (stealth).
   245 | D:1      | 245 ||| Stepping ~*~*~tactically~*~*~ (stealth).
   247 | D:1      | 247 ||| Stepping ~*~*~tactically~*~*~ (stealth).
   630 | D:1      | Reached XP level 3. HP: 21/21 MP: 7/7
   638 | D:1      | 638 ||| Stepping ~*~*~tactically~*~*~ (stealth).
   685 | D:1      | Found a faded altar of an unknown god.
   844 | D:1      | 844 ||| Stepping ~*~*~tactically~*~*~ (stealth).
   849 | D:1      | 849 ||| Stepping ~*~*~tactically~*~*~ (stealth).
   852 | D:1      | Reached skill level 4 in Axes
  1038 | D:1      | 1038 ||| UPGRADING to +0 ring mail.
  1048 | D:1      | 1048 ||| DROPPING +0 leather armour.
  1049 | D:1      | 1049 ||| READING scroll labelled JINEYNT VOLE.
  1050 | D:1      | 1050 ||| READING scroll labelled CAQUD IZ SYB.
  1051 | D:1      | 1051 ||| READING scroll labelled ARICHISCHIN.
  1054 | D:1      | 1054 ||| READING scroll labelled LAANLU YVOISCH.
  1055 | D:1      | 1055 ||| DROPPING scroll of blinking.
  1071 | D:2      | Found a hide-covered altar of Uskayaw.
  1074 | D:2      | 1074 ||| STAIRDANCE
  1131 | D:2      | HP: 5/21 [quokka (3)]
  1133 | D:2      | HP: 2/21 [poisoned by an adder]
  1134 | D:2      | Succumbed to an adder's poison

Levels and vault maps discovered:
D:1:      amcnicky_arrival_choice, layout_basic,
          shapermc_ecumenical_altar_ellora, chequers_serial_rivers_micro_d,
          due_unseen_surprise
D:2:      layout_basic, serial_shops, nicolae_shop_bloodbath_and_beyond,
          nicolae_shop_hallway_plus, nicolae_shop_hallway_stairs,
          nicolae_shop_overgrown_old_shop, basic_altar

Skill      XL: |  1  2  3 |
---------------+----------+-----
Axes           | 3 4 |  4.2
Fighting       | |  2.0
Throwing       | |  1.0
Armour         | |  1.1
Dodging        | |  2.1
Spellcasting   | |  2.0
Translocations | |  2.4

Action                   || total
-------------------------++-------
Melee: Hand axe          ||    67
       Kick              ||    12
       Peck              ||     9
       Punch             ||     2
Throw: Boomerang         ||     7
  Use: Scroll            ||     4
Armor: Leather armour    ||    22
       Ring mail         ||     6
Dodge: Dodged            ||    37

Table legend:
 A = Non-vault XP
 B = Vault XP
 C = Vault XP percentage of total XP
 D = Non-vault monster count
 E = Vault monster count
 F = Vault count percentage of total count
                 A         B        C        D         E       F
            +---------+---------+-------+---------+---------+-------
      Total |      57 |       0 |   0.0 |      33 |       0 |   0.0
            +---------+---------+-------+---------+---------+-------
        D:1 |      55 |       0 |   0.0 |      32 |       0 |   0.0
        D:2 |       2 |       0 |   0.0 |       1 |       0 |   0.0
            +---------+---------+-------+---------+---------+-------
